 Dungeon Crawl Stone Soup version 0.19-a0-944-gb338e1e (webtiles) character file.

269 Implojin the Chopper (level 6, -4/51 HPs)
             Began as a Minotaur Fighter on July 9, 2016.
             Slain by a centaur skeleton (5 damage)
             ... on level 6 of the Dungeon.
             The game lasted 00:02:31 (403 turns).

Implojin the Chopper (Minotaur Fighter)              Turns: 403, Time: 00:02:32

Health: -4/51      AC:  6    Str: 20    XL:     6   Next: 1%
Magic:  5/5        EV:  7    Int:  5    God:
Gold:   18         SH:  9    Dex: 12    Spells: 0 memorised, 5 levels left

rFire  . . .     SeeInvis .     a - +0 war axe
rCold  . . .     Gourm    .     b - +0 scale mail
rNeg   . . .     Faith    .     c - +0 shield
rPois  .         Spirit   .     (helmet restricted)
rElec  .         Dismiss  .     (no cloak)
rCorr  .         Reflect  .     (no gloves)
SustAt .         Harm     .     (no boots)
MR     .....                    (no amulet)
Stlth  ..........               (no ring)
                                (no ring)

@: not resistant to hostile enchantments, extremely unstealthy
A: retaliatory headbutt, horns 2
a: no special abilities


You were on level 6 of the Dungeon.
You were not hungry.

You visited 1 branch of the dungeon, and saw 6 of its levels.

You collected 18 gold pieces.

Inventory:

Hand Weapons
 a - a +0 war axe (weapon)
Armour
 b - a +0 scale mail (worn)
 c - a +0 shield (worn)
Scrolls
 e - a scroll of immolation {unknown}
 g - 4 scrolls of identify {unknown}
 h - 2 scrolls of teleportation {unknown}
 i - a scroll of magic mapping {unknown}
 j - a scroll of enchant weapon {unknown}
Potions
 d - a potion of might
Comestibles
 f - 3 bread rations


   Skills:
 - Level 3.6 Fighting
 * Level 7.6 Axes
 - Level 3.6 Armour
 - Level 3.6 Shields


You had 5 spell levels left.
You didn't know any spells.

Dungeon Overview and Level Annotations

Branches:
Dungeon (6/15)
 Temple: D:4-7

Altars:
Elyvilon
Nemelex Xobeh
Vehumet

Annotations:
D:3 Robin
D:4 Eustachio
D:6 Duvessa; Implojin's ghost, amateur MiFi; Pikel


Innate Abilities, Weirdness & Mutations

You reflexively headbutt those who attack you in melee.
You have a pair of horns on your head.


Message History

You slash the jackal!
You kill the jackal!
You block the jackal's attack. The jackal bites you.
* * * LOW HITPOINT WARNING * * *
Unknown command.
You slash the jackal!
You kill the jackal!
Unknown command.
Your shield and scale mail prevent you from hitting the giant frog skeleton.
The giant frog skeleton closely misses you.
You furiously retaliate!
You headbutt the giant frog skeleton, but do no damage.
You block the giant frog skeleton's attack.
You barely miss the giant frog skeleton.
Your headbutt misses the giant frog skeleton.
The giant frog skeleton hits you.
* * * LOW HITPOINT WARNING * * *
Unknown command.
You hit the giant frog skeleton. You headbutt the giant frog skeleton.
You destroy the giant frog skeleton!
You have reached level 6!
Your experience leads to an increase in your attributes!
Increase (S)trength, (I)ntelligence, or (D)exterity?
You feel agile. The jackal closely misses you.
You closely miss the jackal. You headbutt the jackal.
You kill the jackal!
A centaur skeleton comes into view.
You completely miss the centaur skeleton.
You block the centaur skeleton's attack.
The centaur skeleton hits you.
* * * LOW HITPOINT WARNING * * *
You slash the centaur skeleton! You headbutt the centaur skeleton!
The centaur skeleton hits you but does no damage.
Unknown command.
You slash the centaur skeleton! You headbutt the centaur skeleton.
The centaur skeleton hits you.
* * * LOW HITPOINT WARNING * * *
The centaur skeleton hits you.
You die...

#..#......###
##.......##
#..##....# ####
#.######.#
###..# #.# ##
###....## ##.#
.##.......##
#..#
...........#
#.##
...........#
#@#
...........#
#.Z#
.......Z...#
#.##
......W<...# #.
...........# #.
...........# ..
...........# .#
............##.
...K..........


You could see a centaur skeleton.

Vanquished Creatures
  An ogre (D:3)
  2 hounds (D:5)
  A giant frog skeleton (D:6)
  2 worker ants
  2 adders (D:3)
  An ooze (D:5)
  A bat (D:3)
  A giant cockroach (D:5)
  9 goblins (D:3)
  3 hobgoblins
  9 jackals
  3 rats
35 creatures vanquished.

Notes
Turn   | Place    | Note
-------+----------+-------------------------------------------
     0 | D:1      | Implojin the Minotaur Fighter began the quest for the Orb.
     0 | D:1      | Reached XP level 1. HP: 19/19 MP: 0/0
    85 | D:3      | Found a sparkling altar of Nemelex Xobeh.
    93 | D:3      | Reached skill level 3 in Axes
    94 | D:3      | Reached XP level 2. HP: 9/26 MP: 1/1
   123 | D:3      | Noticed an ogre
   124 | D:3      | Noticed Robin
   142 | D:3      | Killed an ogre
   142 | D:3      | Reached skill level 5 in Axes
   142 | D:3      | Reached XP level 3. HP: 11/31 MP: 2/2
   142 | D:3      | Reached XP level 4. HP: 14/39 MP: 3/3
   163 | D:3      | Reached skill level 6 in Axes
   192 | D:4      | Reached XP level 5. HP: 9/45 MP: 4/4
   196 | D:4      | Found a radiant altar of Vehumet.
   220 | D:4      | Found a white marble altar of Elyvilon.
   242 | D:5      | Entered Level 5 of the Dungeon
   269 | D:6      | Noticed Implojin's ghost (amateur MiFi)
   273 | D:6      | Noticed Pikel
   275 | D:6      | Noticed a slave
   275 | D:6      | Noticed Duvessa
   297 | D:4      | Noticed Eustachio
   297 | D:4      | Noticed a phantom
   328 | D:5      | Noticed a phantom
   335 | D:5      | Reached skill level 7 in Axes
   384 | D:6      | Reached XP level 6. HP: 4/51 MP: 5/5
   403 | D:6      | HP: 1/51 [centaur skeleton (2)]
   403 | D:6      | Slain by a centaur skeleton

Vault maps used:
D:1:      dpeg_arrival_morbid_curiosity
D:2:      nicolae_dithmenos_through_a_glass_darkly,
          gammafunk_temple_overflow_pools, tgw_trog
D:3:      lemuel_crystal_altar, nemelex_xobeh_ov_fountains_minmay,
          dancing_weapons_uskayaw, uniq_robin
D:4:      vehumet_statue, kennysheep_little_box, okawaru_gym_becter,
          serial_shops, nicolae_shop_statue_plus, nicolae_shop_behind_doors,
          kennysheep_generic_room_2, uniq_eustachio
D:5:      serial_glass, glass_columns_a, glass_columns_b, glass_columns_b,
          glass_columns_a, glass_columns_a, glass_columns_a, glass_columns_b,
          glass_columns_b, glass_columns_c, glass_columns_b, first_bread,
          lemuel_flame_loot_1, uniq_blork_the_orc
D:6:      uniq_pikel, uniq_grinder, uniq_duvessa

Skill      XL: |  1  2  3  4  5 |
---------------+----------------+-----
Axes           | 3 5 6 7 |  7.6
Fighting       | |  3.6
Armour         | |  3.6
Shields        | |  3.6

Action                   |  1- 3 |  4- 6 || total
-------------------------+-------+-------++-------
Melee: War axe           |    17 |    57 ||    74
       Headbutt          |     3 |    13 ||    16
  Use: Potion            |     1 |       ||     1
Armor: Scale mail        |    18 |    32 ||    50
Dodge: Dodged            |     8 |    20 ||    28
Block: Shield            |    16 |    37 ||    53

Table legend:
 A = Turns spent in this place as a percentage of turns spent in the entire game.
 B = Non-inter-level travel turns spent in this place as a percentage of non-inter-level travel turns spent in the entire game.
 C = Inter-level travel turns spent in this place as a percentage of turns spent in this place.
 D = Turns resting spent in this place as a percentage of non-inter-level travel turns spent in this place.
 E = Turns spent auto-exploring this place as a percentage of non-inter-level travel turns spent in this place.
 F = Non-inter-level travel turns spent in this place divided by the number of levels of this place that you've seen.
                   A       B       C       D       E      F
               +-------+-------+-------+-------+-------+----------------------
         Total | 100.0 | 100.0 |   0.0 |   0.0 |   0.0 |  74.3
       Dungeon | 100.0 | 100.0 |   0.0 |   0.0 |   0.0 |  74.3
               +-------+-------+-------+-------+-------+----------------------

Table legend:
 A = Kills in this place as a percentage of kills in entire the game.
 B = Kills by you in this place as a percentage of kills by you in the entire game.
 C = Kills by friends in this place as a percentage of kills by friends in the entire game.
 D = Other kills in this place as a percentage of other kills in the entire game.
 E = Experience gained in this place as a percentage of experience gained in the entire game.
 F = Experience gained in this place divided by the number of levels of this place that you have seen.
                   A       B       C       D       E      F
               +-------+-------+-------+-------+-------+----------------------
         Total | 100.0 | 100.0 |  -nan |  -nan | 100.0 |  64.2
       Dungeon | 100.0 | 100.0 |  -nan |  -nan | 100.0 |  64.2
               +-------+-------+-------+-------+-------+----------------------
